 Dungeon Crawl Stone Soup version 0.29-a0-821-g66395355a5 (webtiles) character file.

Game seed: 16845306909141783799

461 xian the Conjurer (level 7, -3/42 HPs)
             Began as an Octopode Conjurer on July 7, 2022.
             Slain by a gnoll sergeant
             ... wielding a +4 antimagic spear
              (9 damage)
             ... on level 5 of the Dungeon.
             The game lasted 00:07:46 (4610 turns).

xian the Conjurer (Octopode Conjurer)               Turns: 4610, Time: 00:07:46

Health: -3/42      AC:  1    Str:  6    XL:     7   Next: 7%
Magic:  0/12       EV: 14    Int: 22    God:
Gold:   187        SH:  0    Dex: 16    Spells: 7/13 levels left

rFire   . . .      SeeInvis .   b - +11 mace of the Hurtling Priest {vorpal, Dex+5}
rCold   . . .      Faith    .   (no shield)
rNeg    . . .      Spirit   .   (helmet restricted)
rPois   .          Reflect  .   (no amulet)
rElec   .          Harm     .   l - ring of wizardry
rCorr   .          Rampage  .   (no ring)
Will    .....                   (no ring)
Stlth   ++++......              (no ring)
HPRegen 0.14/turn               (no ring)
MPRegen 0.13/turn               (no ring)
                                (no ring)
                                (no ring)

@: weak-willed
A: almost no armour, amphibious, 8 rings, camouflage 1, gelatinous body 1,
(nimble swimmer 1), tentacles
a: no special abilities


You were on level 5 of the Dungeon.
You visited 1 branch of the dungeon, and saw 5 of its levels.

You collected 187 gold pieces.

Inventory:

Hand Weapons
 b - the +11 mace of the Hurtling Priest (weapon) {vorpal, Dex+5}
   (You found it on level 2 of the Dungeon)

   It inflicts extra damage upon your enemies.
   Dex:       It affects your dexterity (+5).
Jewellery
 l - a ring of wizardry (left tentacle)
Scrolls
 d - a scroll of enchant armour
 h - a scroll of amnesia {unknown}
 i - a scroll of teleportation {unknown}
 j - a scroll of enchant weapon
 p - a scroll of immolation {unknown}
Potions
 a - a potion of magic
 c - 2 potions of degeneration
 k - a potion of flight {unknown}
 m - a potion of haste {unknown}
 n - a potion of curing
 o - a potion of mutation
 r - a potion of resistance {unknown}


   Skills:
 + Level 0.7 Fighting
 + Level 1.5 Maces & Flails
 + Level 2.9 Dodging
 + Level 4.0 Stealth
 + Level 3.8 Spellcasting
 + Level 6.2 Conjurations


You had 7 spell levels left.
You knew the following spells:

 Your Spells              Type           Power      Damage    Failure   Level
a - Magic Dart            Conj           100%       1d8       1%          1
b - Searing Ray           Conj           62%        2d6       1%          2
c - Dazzling Flash        Conj/Hex       34%        N/A       4%          3

Your spell library contained the following spells:

 Spells                   Type           Power      Damage    Failure   Level
 Fulminant Prism          Conj/Hex       8%         3d7       12%         4
 Iskenderun's Mystic Bla  Conj/Tloc      17%        2d5       12%         4


Dungeon Overview and Level Annotations

Branches:
Dungeon (5/15)
 Temple: D:4-7

Altars:
Nemelex Xobeh


Innate Abilities, Weirdness & Mutations

You cannot wear most types of armour.
You are amphibious.
You can wear up to eight rings at the same time.
Your skin changes colour to match your surroundings (Stealth+).
Your rubbery body absorbs attacks. (AC +1, EV +1)
((You are camouflaged when in or above water. (Stealth+)))
You have tentacles for arms and can constrict up to eight enemies at once.


Message History

The gnoll sergeant hits you from afar with a +4 antimagic spear!
You feel your power leaking away. The white imp gestures at you.
The puff of frost misses you.
The searing ray hits the gnoll sergeant!
The gnoll sergeant is heavily wounded.
The searing ray hits the gnoll.
The gnoll is severely wounded.
The searing ray hits the gnoll!
The gnoll is heavily wounded.
You finish channelling your searing ray.
The gnoll sergeant hits you from afar with a +4 antimagic spear!
You feel your power leaking away.
Okay, then.
Okay, then.
As you read the scroll labelled PIFRIRESTA, it crumbles to dust.
It is a scroll of enchant weapon.
You aren't carrying any weapons that can be enchanted.
The gnoll hits you from afar with a +0 spear.
The gnoll sergeant hits you from afar with a +4 antimagic spear!
* * * LOW HITPOINT WARNING * * *
You feel much better. The gnoll misses you.
The gnoll sergeant hits you from afar with a +4 antimagic spear.
You feel your power leaking away.
It was a potion of cancellation.
You feel magically purged.
The gnoll hits you from afar with a +0 spear.
The gnoll sergeant hits you from afar with a +4 antimagic spear!
Okay, then.
You feel better. The gnoll misses you.
The gnoll sergeant hits you from afar with a +4 antimagic spear!
As you read the scroll labelled JUNATE TEUFF, it crumbles to dust.
You hear a loud clanging noise!
It was a scroll of noise.
The gnoll completely misses you.
The gnoll sergeant hits you from afar with a +4 antimagic spear!
* * * LOW HITPOINT WARNING * * *
As you read the scroll labelled ISUACVO ULOA, it crumbles to dust.
Magic quickly surges around you.
It was a scroll of vulnerability.
The gnoll barely misses you.
The gnoll sergeant hits you from afar with a +4 antimagic spear!
You die...

####### #.....##
####
.......##########..#
..................##
.................##
.....##########..#
....## #..# ....##
##.@# .....### #..##
.......#.## #gg#
#.........# #5g#
#.......... #gg#
...#######. ...#
.### ##..# .# ##..
## ...


You could see a gnoll sergeant (weak-willed), 4 gnolls and a white imp
(weak-willed).

Vanquished Creatures
  A phantom (D:5)
  A scorpion (D:3)
  A necrophage (D:5)
  A howler monkey (D:4)
  A hound (D:4)
  An orc priest (D:3)
  2 orc wizards
  5 adders
  A worm (D:3)
  2 dart slugs
  16 orcs
  5 bats
  6 endoplasms
  2 giant cockroaches
  4 hobgoblins
  2 quokkas (D:2)
  4 ball pythons
  A frilled lizard (D:3)
  6 goblins
  5 kobolds
  5 rats
72 creatures vanquished.

Vanquished Creatures (others)
  6 plants (D:3)
6 creatures vanquished.

Grand Total: 78 creatures vanquished

Notes
Turn   | Place    | Note
-------+----------+-------------------------------------------
     0 | D:1      | xian the Octopode Conjurer began the quest for the Orb.
     0 | D:1      | Reached XP level 1. HP: 11/11 MP: 3/3
   498 | D:1      | Reached XP level 2. HP: 16/17 MP: 0/5
   501 | D:1      | Learned a level 2 spell: Searing Ray
   713 | D:1      | Found a faded altar of an unknown god.
  1219 | D:2      | Reached XP level 3. HP: 21/21 MP: 3/6
  1766 | D:2      | Reached skill level 5 in Conjurations
  1806 | D:2      | Identified the +11 mace of the Hurtling Priest {vorpal,
                  | Dex+5}
  2069 | D:3      | Reached XP level 4. HP: 9/27 MP: 2/7
  2321 | D:3      | Learned a level 3 spell: Dazzling Flash
  2381 | D:3      | Reached XP level 5. HP: 17/31 MP: 6/9
  3243 | D:3      | Found a sparkling altar of Nemelex Xobeh.
  3585 | D:4      | Reached skill level 6 in Conjurations
  3585 | D:4      | Reached XP level 6. HP: 36/36 MP: 4/10
  4040 | D:4      | Reached skill level 1 in Maces & Flails
  4478 | D:5      | Entered Level 5 of the Dungeon
  4488 | D:5      | Reached XP level 7. HP: 35/42 MP: 4/12
  4610 | D:5      | Slain by a gnoll sergeant

Illustrated notes

Levels and vault maps discovered:
D:1:      mrwooster_arrival_statue_3, layout_loops_cross,
          shapermc_ecumenical_altar_mp_highgroup
D:2:      layout_loops_corners
D:3:      layout_basic, nemelex_dance_club_becter, serial_bayou_lagoon_a
D:4:      layout_loops_cross
D:5:      layout_cave_pods

Skill      XL: |  1  2  3  4  5  6 |
---------------+-------------------+-----
Conjurations   | 5 6 |  6.2
Stealth        | 3 4 |  4.0
Spellcasting   | 3 |  3.8
Maces & Flails | 1 |  1.5
Fighting       | |  0.7
Dodging        | |  2.9

Action                   |  1- 3 |  4- 6 |  7- 9 || total
-------------------------+-------+-------+-------++-------
Melee: Hand axe          |     2 |       |       ||     2
       Tentacles         |     1 |     5 |       ||     6
       Constrict         |     1 |     5 |       ||     6
       Mace              |     1 |    21 |       ||    22
       Punch             |       |     1 |       ||     1
 Cast: Magic Dart        |    47 |    63 |       ||   110
       Searing Ray       |     2 |     6 |     1 ||     9
  Use: Potion            |     2 |       |     3 ||     5
       Scroll            |       |     4 |     3 ||     7
Armor: Skin              |     2 |       |       ||     2
Dodge: Dodged            |     9 |    23 |     5 ||    37

Table legend: (Time is in decaauts)
 A = Elapsed time spent in this place.
 B = Non-inter-level travel time spent in this place.
 C = Inter-level travel time spent in this place.
 D = Time resting spent in this place.
 E = Time spent auto-exploring this place.
 F = Levels seen in this place.
 G = Mean time per level.
                   A        B        C        D        E       F      G
               +--------+--------+--------+--------+--------+-----+--------+
         Total |   4615 |   4544 |     71 |      2 |   4148 |   5 |  923.0 |
       Dungeon |   4615 |   4544 |     71 |      2 |   4148 |   5 |  923.0 |
               +--------+--------+--------+--------+--------+-----+--------+

Top non-repeatable levels by time:
     D:3: 1462 daAuts
     D:2: 1114 daAuts
     D:4: 970 daAuts
     D:1: 935 daAuts
     D:5: 132 daAuts
